 Dungeon Crawl Stone Soup version 0.18-a0-1726-g399342b (webtiles) character file.

169 Ekaitz the Insei (level 5, -2/28 HPs)
             Began as a Vine Stalker Monk on Mar 28, 2016.
             Killed from afar by an orc wizard (5 damage)
             ... with a magic dart
             ... on level 4 of the Dungeon.
             The game lasted 00:06:58 (2214 turns).

Ekaitz the Insei (Vine Stalker Monk)                Turns: 2214, Time: 00:06:58

Health: -2/28      AC:  3    Str: 14    XL:     5   Next: 50%
Magic:  0/6        EV: 14    Int: 10    God:
Gold:   152        SH:  0    Dex: 17    Spells: 0 memorised, 4 levels left

rFire  . . .     SeeInvis .       - Unarmed
rCold  . . .     Gourm    .     a - +0 robe
rNeg   . . .     Faith    .     (no shield)
rPois  .         Spirit   +     (no helmet)
rElec  .         Dismiss  .     (no cloak)
rCorr  .         Reflect  .     i - +0 pair of gloves
SustAt +         Harm     .     (no boots)
MR     .....                    r - amulet of magic regeneration
Stlth  ++++......               h - ring of sustain attributes
                                e - ring of stealth (curse)

@: not resistant to hostile enchantments, stealthy
A: fangs 2, regeneration 1, magic shield, antimagic bite, no device heal 3, rot
immunity
a: no special abilities


You were on level 4 of the Dungeon.
You were not hungry.

You visited 1 branch of the dungeon, and saw 4 of its levels.

You collected 152 gold pieces.

Inventory:

Hand Weapons
 c - a +4 short sword
Missiles
 d - 32 poisoned needles
Armour
 a - a +0 robe (worn)
 i - a +0 pair of gloves (worn)
Jewellery
 e - a cursed ring of stealth (left hand)
 h - a ring of sustain attributes (right hand)
 r - an amulet of magic regeneration (around neck)
Scrolls
 f - 2 scrolls of enchant weapon {unknown}
 g - 6 scrolls of identify {unknown}
 l - a scroll of noise {unknown}
 m - a scroll of enchant armour {unknown}
 n - 3 scrolls of fear {unknown}
 s - a scroll of fog {unknown}
 t - a scroll of random uselessness {unknown}
 w - a scroll of magic mapping {unknown}
 y - 2 scrolls of teleportation {unknown}
Potions
 j - a potion of cancellation {unknown}
 p - 2 potions of curing {unknown}
 q - 2 potions of degeneration {unknown}
 v - a potion of agility {unknown}
 x - a potion of cure mutation {unknown}
Comestibles
 b - 2 bread rations
 k - 3 slices of pizza
 o - a meat ration
 u - a chunk of flesh


   Skills:
 + Level 3.2 Fighting
 + Level 3.3 Dodging
 + Level 3.9 Stealth
 + Level 5.0 Unarmed Combat


You had 4 spell levels left.
You didn't know any spells.

Dungeon Overview and Level Annotations

Branches:
Dungeon (4/15)
 Temple: D:4-7

Altars:
Ashenzari
Pakellas
Zin

Shops:
D:4 *

Annotations:
D:4 antares's ghost, amateur TeAE


Innate Abilities, Weirdness & Mutations

You have extremely sharp teeth.
Your natural rate of healing is unusually fast.
When hurt, damage is shared between your health and your magic reserves.
Your bite disrupts and absorbs the magic of your enemies.
Potions and wands cannot restore your health.
You are immune to rotting.


Message History

The orc wizard is almost dead.
The orc wizard barely misses you.
You hit the orc wizard but do no damage.
Your bite misses the orc wizard.
The orc wizard is almost dead.
The orc wizard mumbles some strange words.
The orc wizard blinks!
The orc wizard casts a spell at you. You resist with some effort.
You punch the howler monkey skeleton!
You destroy the howler monkey skeleton!
The orc wizard points at you and mumbles some strange words.
The magic dart hits you!
* * * LOW HITPOINT WARNING * * *
Unknown command.
You hit the orc. You bite the orc. You drain its power.
You feel invigorated.
You kill the orc!
The orc wizard gestures at you while chanting.
The magic dart hits you!
You die...

#... #... #... .# #...###
### #.# .. #....( #.....#
#.##.o..###### #.##..#
#.#.....##...# #.##..#
#.#.....@§o#.#####.....##
#.#....###....#.........#
##.#.#.........#.##.......
#.........#..).#.##o[..#..
#...#.....#....#..........
#...#.....#........o)....♣
#..>#.....#...............
#...#.....#..............#
#...#.....#####..........#


You could see an orc wizard and an orc.

Vanquished Creatures
  A howler monkey (D:4)
  A gnoll (D:1)
  A howler monkey skeleton (D:4)
  5 adders
  A worm (D:3)
  A dart slug (D:1)
  A giant gecko (D:2)
  2 orcs (D:4)
  5 giant cockroaches
  7 goblins
  9 hobgoblins
  3 jackals (D:3)
  2 quokkas (D:3)
  2 ball pythons (D:2)
  5 bats
  A giant cockroach zombie (D:4)
  6 giant newts
  3 kobolds
  3 rats
59 creatures vanquished.

Notes
Turn   | Place    | Note
--------------------------------------------------------------
     0 | D:1      | Ekaitz the Vine Stalker Monk began the quest for the Orb.
     0 | D:1      | Reached XP level 1. HP: 11/11 MP: 2/2
   167 | D:1      | Reached XP level 2. HP: 10/16 MP: 3/3
   594 | D:1      | Reached XP level 3. HP: 14/19 MP: 4/4
   923 | D:2      | Found a shattered altar of Ashenzari.
  1074 | D:2      | Reached XP level 4. HP: 19/24 MP: 3/5
  1700 | D:3      | Found an oddly glowing altar of Pakellas.
  1864 | D:3      | Reached XP level 5. HP: 28/28 MP: 6/6
  1966 | D:3      | Noticed an angel
  1967 | D:3      | Found a glowing silver altar of Zin.
  2058 | D:4      | Noticed antares's ghost (amateur TeAE)
  2124 | D:4      | Reached skill level 5 in Unarmed Combat
  2153 | D:4      | Found Fisyulin's Assorted Antiques.
  2177 | D:4      | HP: 1/28 [orc/flail (2)]
  2195 | D:4      | HP: 1/28 [orc/flail (1)]
  2200 | D:4      | HP: 1/28 [howler monkey skeleton (1)]
  2214 | D:4      | Killed from afar by an orc wizard

Vault maps used:
D:1:      lightli_arrival_quake
D:2:      nicolae_ashenzari_panopticon
D:3:      zin_angel, first_bread, grunt_pakellas_sulfur
D:4:      serial_shops, shop_statue, shop, nicolae_shop_waterfront,
          nicolae_shop_trees, grunt_ministairs_5, uniq_robin

Skill      XL: |  1  2  3  4  5 |
---------------+----------------+-----
Dodging        | 3 |  3.3
Fighting       | 3 |  3.2
Stealth        | 3 |  3.9
Unarmed Combat | 5 |  5.0

Action                   |  1- 3 |  4- 6 || total
-------------------------+-------+-------++-------
Melee: Unarmed           |    87 |   112 ||   199
 Stab: Distracted        |     1 |       ||     1
       Sleeping          |     4 |     6 ||    10
  Eat: Chunk             |     1 |     3 ||     4
